 Dungeon Crawl Stone Soup version 0.30-b1-2-g02819fbbbe (webtiles) character file.

Game seed: 16880897124433060869

3417 HoaS the Skirmisher (level 9, 0/100 HPs)
             Began as a Demigod Hunter on May 8, 2023.
             Slain by a hornet (5 damage)
             ... on level 8 of the Dungeon.
             The game lasted 00:16:51 (6929 turns).

HoaS the Skirmisher (Demigod Hunter)                Turns: 6929, Time: 00:16:52

Health: 0/100      AC: 24    Str: 12    XL:     9   Next: 47%
Magic:  11/11      EV:  2    Int: 11    God:
Gold:   701        SH:  0    Dex: 29    Spells: 8/8 levels left

rFire   . . .        (no weapon)
rCold   . . .        (no shield)
rNeg    + . .        r - melded +0 steam dragon scales
rPois   +            (helmet currently unavailable)
rElec   .            w - melded +1 cloak
rCorr   .            c - melded +1 pair of gloves of Uriex {rElec Regen+}
SInv    .            (boots currently unavailable)
Will    .....        (no amulet)
Stlth   ++           g - +5 ring of evasion
HPRegen 0.36/turn    f - ring of positive energy
MPRegen 0.12/turn

%: no passive effects
@: tree-form, slowed, very slow
A: stationary, stasis, torment immunity, boosted hp, high MP 1, forlorn, divine
attributes
a: no special abilities


You were on level 8 of the Dungeon.
You were a tree.
You visited 1 branch of the dungeon, and saw 8 of its levels.
You also visited: Ossuary.

You collected 701 gold pieces.

Inventory:

Hand Weapons
 a - a +0 shortbow
Missiles
 k - 5 throwing nets
Armour
 c - the +1 pair of gloves of Uriex (melded) {rElec Regen+}
   (You found it on level 7 of the Dungeon)

   rElec:     It insulates you from electricity.
   Regen:     It increases your rate of health regeneration.
 r - +0 steam dragon scales (melded)
 w - a +1 cloak (melded)
Jewellery
 f - a ring of positive energy (right branch)
 g - a +5 ring of evasion (left branch)
 j - the ring of Bafa {Fire Drain rPois Str+4 SInv}
   (You found it on level 5 of the Dungeon)

   [ring of fire]

   It enhances your fire magic.
   Str:       It affects your strength (+4).
   rF:        It protects you from fire.
   rC:        It makes you vulnerable to cold.
   rPois:     It protects you from poison.
   SInv:      It lets you see invisible.
   Drain:     It drains your maximum health when unequipped.
 t - a ring of protection from fire
Wands
 h - a wand of mindburst (12)
 p - a wand of light (8)
 q - a wand of flame (32)
Scrolls
 b - a scroll of immolation
 d - 3 scrolls of identify
 n - 2 scrolls of blinking
 s - a scroll of amnesia
Potions
 e - 6 potions of mutation
 i - 5 potions of cancellation
 l - a potion of flight
 m - 2 potions of lignification
 o - 2 potions of invisibility
 u - a potion of haste
 v - a potion of curing


   Skills:
 - Level 1.7 Fighting
 + Level 13.2 Ranged Weapons
 - Level 1.7 Dodging
 - Level 0.8 Stealth


You had 8 spell levels left.
You didn't know any spells.
Your spell library contained the following spells:

 Spells                   Type           Power      Damage    Failure   Level
 Sandblast                Erth           0%         2d4       34%         1
 Passwall                 Tmut/Erth      0%         N/A       47%         2
 Sublimation of Blood     Necr           0%         N/A       47%         2
 Wereblood                Tmut           0%         N/A       47%         2
 Inner Flame              Hex/Fire       0%         N/A       71%         3
 Stone Arrow              Conj/Erth      0%         3d7       71%         3
 Animate Armour           Summ/Erth      0%         N/A       98%         4
 Flame Wave               Conj/Fire      0%         2d4       98%         4
 Sticky Flame             Conj/Fire      0%         2d3       98%         4
 Blade Hands              Tmut           0%         N/A       100%        5
 Iron Shot                Conj/Erth      0%         9d1       100%        6
 Summon Hydra             Summ           0%         N/A       100%        7


Dungeon Overview and Level Annotations

Branches:
Dungeon (8/15)             Temple (0/1) D:5         Ossuary (visited)
   Lair: D:8-11


Innate Abilities, Weirdness & Mutations

You are a tree.
Your roots penetrate the ground, keeping you stationary.
You cannot be teleported.
You are immune to unholy pain and torment.
Your maximum health is greatly increased.
Your equipment is partially melded.
You have an increased reservoir of magic. (+10% MP)
You shall have no god before yourself.
Your divine heritage dramatically boosts your attributes as you level up.


Message History

You feel as though you will be slow longer.
You smack the hornet!
The hornet is moderately wounded.
You feel very sick. The hornet stings you!
* * * LOW HITPOINT WARNING * * *
The hornet stings you but does no damage.
You smack the hornet!
The hornet is heavily wounded.
You feel very sick. The hornet stings you!
* * * LOW HITPOINT WARNING * * *
The hornet stings you.
* * * LOW HITPOINT WARNING * * *
You are lethally poisoned!
The hornet stings you.
* * * LOW HITPOINT WARNING * * *
You feel better.
You feel yourself speed up. The hornet stings you.
* * * LOW HITPOINT WARNING * * *
The hornet stings you.
* * * LOW HITPOINT WARNING * * *
You hit the hornet.
The hornet is severely wounded.
The hornet stings you!
* * * LOW HITPOINT WARNING * * *
You smack the hornet!
The hornet is almost dead.
The hornet stings you but does no damage.
The hornet barely misses you.
You barely miss the hornet.
The hornet is almost dead.
The hornet stings you but does no damage.
You hit the hornet but do no damage. Your punch misses the hornet.
The hornet is almost dead.
The hornet stings you.
* * * LOW HITPOINT WARNING * * *
You feel yourself slow down. The hornet stings you.
You die...

######## ############
#.......
#..........###.#####.
#.########.#.......#. #.#
#.#.##.##.#. #.#
#.#.##.#.... #.######
#.#'##.#..#. #...♣y.#
#....#.#..#. ######.#
#....#.#..#. # #....#.#..#.
#.###############....#.#..#.
..................#+##.##.#.
.#####................>....
#..........####.####.####
#.....#######.# #..........
#....# #.# #.##.......


You could see a hornet.

Vanquished Creatures
  3 slime creatures (D:7)
  2 steam dragons
  2 water moccasins (D:7)
  2 ice beasts
  A black bear (D:5)
  3 centaurs
  2 phantoms
  2 bullfrogs
  3 kobold brigands (D:7)
  2 scorpions (D:6)
  4 killer bees (D:7)
  A howler monkey (D:5)
  4 jellies
  2 hounds
  4 orc priests
  A gnoll bouda (D:7)
  4 iguanas
  A sleepcap (D:4)
  Natasha (thrice) (D:2)
  Terence (D:3)
  6 orc wizards
  8 mummies (Ossuary)
  13 gnolls
  6 adders
  4 dart slugs
  11 orcs
  9 bats
  20 endoplasms
  4 giant cockroaches
  7 goblins
  9 hobgoblins
  13 kobolds
  2 quokkas (D:1)
  11 ball pythons
  2 frilled lizards
  2 gnoll zombies (Ossuary)
  A hobgoblin zombie (Ossuary)
  3 kobold zombies (Ossuary)
  2 orc zombies (Ossuary)
  8 rats
188 creatures vanquished.

Vanquished Creatures (collateral kills)
  A hound (D:5)
1 creature vanquished.

Vanquished Creatures (others)
  2 fungi (D:7)
  10 toadstools (D:7)
12 creatures vanquished.

Grand Total: 201 creatures vanquished

Notes
Turn   | Place    | Note
-------+----------+-------------------------------------------
     0 | D:1      | HoaS the Demigod Hunter began the quest for the Orb.
     0 | D:1      | Reached XP level 1. HP: 17/17 MP: 3/3
    96 | D:1      | Reached skill level 4 in Ranged Weapons
    99 | D:1      | Reached XP level 2. HP: 19/24 MP: 4/4
   386 | D:1      | Reached XP level 3. HP: 29/29 MP: 5/5
   797 | D:2      | Noticed Natasha
   800 | D:2      | Killed Natasha
   801 | D:2      | Reached skill level 5 in Ranged Weapons
   901 | D:2      | Noticed Natasha
   906 | D:2      | Killed Natasha
   907 | D:2      | Reached XP level 4. HP: 36/36 MP: 6/6
  1019 | D:2      | Noticed Natasha
  1025 | D:2      | Killed Natasha
  1422 | D:3      | Reached skill level 6 in Ranged Weapons
  1487 | D:3      | Noticed Terence
  1672 | D:3      | Reached XP level 5. HP: 41/41 MP: 7/7
  2178 | D:3      | Killed Terence
  2349 | D:4      | Reached skill level 7 in Ranged Weapons
  2349 | D:4      | Reached XP level 6. HP: 48/48 MP: 8/8
  2920 | D:5      | Entered Level 5 of the Dungeon
  2995 | D:5      | Found a staircase to the Ecumenical Temple.
  3032 | D:5      | Noticed a steam dragon
  3052 | D:5      | Killed a steam dragon
  3053 | D:5      | Reached skill level 8 in Ranged Weapons
  3053 | D:5      | Reached XP level 7. HP: 10/53 MP: 9/9
  3592 | D:5      | Reached skill level 9 in Ranged Weapons
  3801 | D:5      | Identified the ring of Bafa {Fire Drain rPois Str+4 SInv}
  3952 | D:6      | Found a sand-covered staircase.
  3967 | Ossuary  | Entered an ossuary
  4321 | D:6      | Reached XP level 8. HP: 60/60 MP: 10/10
  4488 | D:6      | Reached skill level 10 in Ranged Weapons
  5135 | D:7      | Reached skill level 11 in Ranged Weapons
  5814 | D:7      | Reached XP level 9. HP: 45/67 MP: 11/11
  6028 | D:7      | Reached skill level 12 in Ranged Weapons
  6338 | D:7      | Identified the +1 pair of gloves of Uriex {rElec Regen+}
  6462 | D:7      | Reached skill level 13 in Ranged Weapons
  6920 | D:8      | Paralysed by a hornet for 1 turns
  6929 | D:8      | HP: 5/100 [hornet (4)]
  6929 | D:8      | Slain by a hornet

Illustrated notes

Levels and vault maps discovered:
D:1:      lightli_molten_gateway, layout_loops_ring
D:2:      layout_rooms, uniq_natasha
D:3:      layout_loops_corners, uniq_terence
D:4:      layout_rooms, mainiacjoe_overflow_small_starburst,
          nicolae_gozag_seed_capital, mainiacjoe_overflow_chevrons
D:5:      layout_basic, fedhas_bush_and_centaur_altar,
          minmay_temple_entry_large_hall
D:6:      layout_cave_pools, nicolae_overflow_two_pavilions, zin_statuary,
          nicolae_ossuary_entry_ruins, sigmund_army
D:7:      cheibrodos_fertilizer, layout_rooms, lemuel_crystal_altar
D:8:      layout_basic, kennysheep_mini_moat

Skill      XL: |  1  2  3  4  5  6  7  8  9 |
---------------+----------------------------+-----
Ranged Weapons | 4 5 6 7 8 9 11 13 | 13.2
Fighting       | |  1.7
Dodging        | |  1.7
Stealth        | |  0.8

Action                     |  1- 3 |  4- 6 |  7- 9 || total
---------------------------+-------+-------+-------++-------
  Melee: Shortbow          |       |       |     1 ||     1
         Unarmed           |       |       |     7 ||     7
   Fire: Shortbow          |   111 |   188 |   446 ||   745
    Use: Scroll            |     4 |     3 |    13 ||    20
         Potion            |       |     2 |     7 ||     9
 Armour: Leather armour    |    10 |     8 |    15 ||    33
         Steam dragon scal |       |       |     5 ||     5
         Skin              |       |       |     5 ||     5
  Dodge: Dodged            |    36 |    68 |   146 ||   250
